 Dungeon Crawl Stone Soup version 0.24.0-125-gc4c63601f3 (webtiles) character file.

Game seed: 11014076880390596934, levelgen mode: deterministic

39364 Shinypotato the Severer (level 13, -6/116 HPs)
             Began as a Deep Dwarf Fighter on Mar 20, 2020.
             Was an Elder of Qazlal.
             Shot with a bolt by a naga sharpshooter (14 damage)
             ... led by Vashnia
             ... on level 2 of the Snake Pit.
             The game lasted 01:06:53 (12833 turns).

Shinypotato the Severer (Deep Dwarf Fighter)       Turns: 12833, Time: 01:06:53

Health: -6/116     AC: 25    Str: 25    XL:     13   Next: 68%
Magic:  1/7        EV:  5    Int:  9    God:    Qazlal [****..]
Gold:   687        SH: 21    Dex: 12    Spells: 12/12 levels left

rFire    . . .     SeeInvis .   m - +6 trident (elec)
rCold    . . .     Gourm    .   c - +0 shield
rNeg     . . .     Faith    .   I - +6 plate armour
rPois    +         Spirit   .   E - +0 helmet
rElec    .         Reflect  +   (no cloak)
rCorr    .         Harm     .   r - +0 pair of gloves
MR       +....                  H - +2 pair of boots
Stlth    ..........             A - +6 amulet of reflection
HPRegen  0.00/turn              v - ring of poison resistance
MPRegen  0.10/turn              (no ring)

@: non-regenerating, repel missiles
A: damage resistance, heal wounds, blurry vision 1, sense surroundings 2, robust
1, shaggy fur 1, wild magic 1, no regeneration
a: Heal Wounds, Upheaval, Elemental Force, Renounce Religion


You were on level 2 of the Snake Pit.
You worshipped Qazlal.
Qazlal was greatly pleased with you.
You were not hungry.

You visited 4 branches of the dungeon, and saw 15 of its levels.

You collected 790 gold pieces.
You spent 103 gold pieces at shops.

Inventory:

Hand Weapons
 m - a +6 trident of electrocution (weapon)
 N - the +7 rapier of the Dead {vamp, rPois MR- Str+5}
   (You found it on level 2 of the Lair of Beasts)

   It inflicts no extra harm, but heals its wielder when it wounds a living foe.
   It affects your strength (+5).
   It protects you from poison.
   It affects your resistance to hostile enchantments.
Armour
 c - a +0 shield (worn)
 k - a +2 chain mail of poison resistance
 r - a +0 pair of gloves (worn)
 B - a +0 plate armour of fire resistance
 E - a +0 helmet (worn)
 H - a +2 pair of boots (worn)
 I - a +6 plate armour (worn)
 K - a cursed +0 ring mail
 P - a +0 shield of cold resistance
 Q - a +0 shield of protection
Jewellery
 v - a ring of poison resistance (left hand)
 A - a +6 amulet of reflection (around neck)
 F - a cursed ring of attention
Wands
 a - a wand of polymorph (3)
 b - a wand of digging (2)
 t - a wand of paralysis (6)
 y - a wand of random effects (28)
 C - a wand of acid (16)
 D - a wand of flame (32)
Scrolls
 g - 2 scrolls of magic mapping
 h - 8 scrolls of remove curse
 o - 4 scrolls of fog
 p - 6 scrolls of identify
 u - 3 scrolls of immolation
 w - a scroll of silence
 x - a scroll of blinking
 z - a scroll of teleportation
 G - a scroll of enchant armour
 O - a scroll of brand weapon
Potions
 d - 2 potions of might
 i - 2 potions of mutation
 j - 3 potions of lignification
 l - a potion of degeneration
 n - a potion of ambrosia
 s - a potion of magic
 L - a potion of brilliance {unknown}
 M - a potion of invisibility
Miscellaneous
 q - a fan of gales
 J - a phial of floods
Comestibles
 f - 7 rations


   Skills:
 - Level 4.3 Fighting
   Level 15.1(17.0) Axes
 - Level 11.8(14.1) Polearms
 - Level 5.7 Armour
 - Level 0.8 Dodging
 + Level 3.0 Stealth
 - Level 5.7 Shields
 * Level 14.8 Invocations
 + Level 0.1 Evocations


You had 12 spell levels left.
You didn't know any spells.
Your spell library contained the following spells:

 Spells                   Type           Power        Failure   Level  Hunger
 Confusing Touch          Hex            #.....       100%        1    ##.....
 Freeze                   Ice            #...         100%        1    ##.....
 Magic Dart               Conj           #...         100%        1    ##.....
 Sandblast                Erth           #.....       100%        1    ##.....
 Passwall                 Tmut/Erth      #.......     100%        2    ###....
 Searing Ray              Conj           #.....       100%        2    ###....
 Sublimation of Blood     Necr           #.........   100%        2    ###....
 Confuse                  Hex            #.......     100%        3    ####...
 Dazzling Spray           Conj/Hex       #.....       100%        3    ####...
 Gell's Gravitas          Tloc           #.........   100%        3    ####...
 Ignite Poison            Fire/Tmut/Pois #.......     100%        3    ####...
 Ozocubu's Armour         Chrm/Ice       #.......     100%        3    ####...
 Stone Arrow              Conj/Erth      #.....       100%        3    ####...
 Force Lance              Conj/Tloc      #.......     100%        4    #####..
 Fulminant Prism          Conj/Hex       #.........   100%        4    #####..
 Iskenderun's Mystic Bla  Conj           #.......     100%        4    #####..
 Petrify                  Tmut/Erth      #.......     100%        4    #####..
 Summon Ice Beast         Ice/Summ       #.......     100%        4    #####..
 Alistair's Intoxication  Tmut/Pois      #.......     100%        5    ######.
 Irradiate                Conj/Tmut      #.........   100%        5    ######.
 Lee's Rapid Deconstruct  Erth           #.........   100%        5    ######.
 Metabolic Englaciation   Hex/Ice        #.........   100%        5    ######.
 Yara's Violent Unravell  Hex/Tmut       #.........   100%        5    ######.
 Freezing Cloud           Conj/Ice/Air   #.........   100%        6    #######


Dungeon Overview and Level Annotations

Branches:
Dungeon (10/15)            Temple (1/1) D:5            Lair (2/6) D:10
  Snake (2/4) Lair:2
  Swamp: Lair:2-4    Shoals: Lair:2-4       Orc: D:9-12

Altars:
Ashenzari
Cheibriados
Dithmenos
Elyvilon
Fedhas
Gozag
Hepliaklqana
Kikubaaqudgha
Makhleb
Nemelex Xobeh
Okawaru
Qazlal
Ru
Sif Muna
Trog
Uskayaw
Vehumet
Wu Jian
Xom
Yredelemnul
Zin
The Shining One

Shops:
D:6 *   D:9 }

Annotations:
Lair:1 exclusion: oklob plant
Snake:2 Vashnia


Innate Abilities, Weirdness & Mutations

You are resistant to damage.
You can heal yourself by infusing magical energy.
You passively map the area around you.
You do not regenerate.
Scrolls take you a little longer to read.
You are robust. (+10% HP)
You are covered in fur. (AC +1)
Your spells are a little harder to cast, but a little more powerful.


Message History

Vashnia casts a spell.
Vashnia magically shoots a bolt.
The bolt hits you!!
The naga sharpshooter spits poison at you.
The splash of poison reflects off an invisible shield around you!
The splash of poison hits the naga sharpshooter.
Vashnia casts a spell.
Vashnia magically shoots a bolt.
You reflect the bolt off an invisible shield around you!
The naga sharpshooter shoots a bolt.
You reflect the bolt off an invisible shield around you!
The bolt hits the naga sharpshooter!!
You see here 11 bolts.
Vashnia mumbles some strange words.
Vashnia magically shoots a bolt.
The bolt hits you!!
* * * LOW HITPOINT WARNING * * *
The naga sharpshooter shoots a bolt.
The bolt hits you!!
* * * LOW HITPOINT WARNING * * *
You see here 4 bolts.
Vashnia blinks!
The naga sharpshooter shoots a bolt.
The bolt hits you!
You die...

.# ***** .# *,,,* .# ##########
*,,,* .# #........# *,,,* .#
#....)...# *,,,* .# #........#
**####**,,,* ## #........#
####.....,,,,,* #
#........######..(.#*,**,,,,*
#......N..○((@..#****,**,,,,**
#.....§(..)N##### *,#*,.,,**
##.......#.#(((## *.#,..,,,,
###..........###N†####*#.#...,*,*
....#####.(### ##(((.##......,,,*
#####.8.##.#**######>N.......,,,*
# #.....#.#,.......?§N......,,,*
####8.<.8#..,.......(.NN.....,,**
...#.....#,*,......>.(#N(....,,,*


You could see 2 naga sharpshooters.

Vanquished Creatures
  A nagaraja (Snake:2)
  2 hydras (Lair:1)
  Harold (D:9)
  8 naga warriors
  5 anacondas
  A two-headed ogre (D:8)
  3 shock serpents
  4 naga sharpshooters
  3 naga ritualists
  5 mana vipers
  2 guardian serpents (Snake:2)
  3 naga magi (Snake:2)
  16 black mambas
  5 spiny frogs
  A komodo dragon (Lair:2)
  Grinder (D:6)
  2 hippogriffs
  A vampire (D:10)
  2 wyverns
  A basilisk (Lair:1)
  15 nagas
  4 water moccasins
  4 porcupines
  5 sky beasts
  A black bear (D:6)
  2 ice beasts
  3 orc warriors
  3 phantoms
  2 centaurs
  5 ogres
  3 wolves (Lair:2)
  4 crocodiles (Lair:2)
  5 bullfrogs
  A gnoll sergeant (D:9)
  A wyvern skeleton (D:7)
  3 scorpions
  10 killer bees
  13 wights
  4 howler monkeys
  2 crimson imps
  3 quasits
  4 orc priests
  7 hounds
  2 jellies
  A gnoll shaman (D:5)
  17 orc wizards
  2 bullfrog zombies
  5 iguanas
  2 worker ants
  A howler monkey zombie (D:6)
  A worker ant zombie (D:7)
  8 adders
  17 gnolls
  3 shadow imps
  An ooze (D:3)
  An adder skeleton (D:8)
  3 worms
  2 dart slugs (D:1)
  5 leopard geckos
  32 orcs
  2 ball pythons (D:4)
  7 giant cockroaches
  10 goblins
  4 hobgoblins
  21 jackals
  3 bats
  4 frilled lizards
  2 kobolds
  A leopard gecko skeleton (D:4)
  11 rats
  3 fungi
  7 plants (Lair:1)
349 creatures vanquished.

Vanquished Creatures (collateral kills)
  A crocodile (Lair:1)
1 creature vanquished.

Vanquished Creatures (others)
  2 naga sharpshooters
2 creatures vanquished.

Grand Total: 352 creatures vanquished

Notes
Turn   | Place    | Note
-------+----------+-------------------------------------------
     0 | D:1      | Shinypotato the Deep Dwarf Fighter began the quest for the
                  | Orb.
     0 | D:1      | Reached XP level 1. HP: 20/20 MP: 1/1
   218 | D:1      | Reached XP level 2. HP: 25/27 MP: 2/2
   871 | D:2      | Reached skill level 3 in Axes
   899 | D:2      | Reached XP level 3. HP: 33/34 MP: 3/3
  1480 | D:3      | Reached XP level 4. HP: 38/42 MP: 4/4
  1599 | D:3      | Reached skill level 4 in Axes
  1788 | D:3      | Reached XP level 5. HP: 44/49 MP: 5/5
  2913 | D:4      | Reached XP level 6. HP: 41/57 MP: 6/6
  3009 | D:5      | Entered Level 5 of the Dungeon
  3146 | D:5      | Reached skill level 5 in Axes
  3177 | D:5      | Found a staircase to the Ecumenical Temple.
  3193 | Temple   | Entered the Ecumenical Temple
  3552 | Temple   | Became a worshipper of Qazlal Stormbringer
  3682 | D:5      | Found a glowing silver altar of Zin.
  3682 | D:5      | Noticed an angel
  4372 | D:6      | Noticed Grinder
  4384 | D:6      | Killed Grinder
  4384 | D:6      | Reached skill level 6 in Axes
  4384 | D:6      | Reached skill level 5 in Shields
  4384 | D:6      | Reached XP level 7. HP: 41/64 MP: 7/7
  4472 | D:6      | Reached skill level 7 in Axes
  4567 | D:6      | Reached skill level 5 in Armour
  4593 | D:6      | Found Quiseenk's Assorted Antiques.
  4598 | D:6      | Bought a pair of boots for 103 gold pieces
  4762 | D:6      | Found an ornate altar of the Wu Jian Council.
  4876 | D:6      | Reached XP level 8. HP: 63/72 MP: 7/7
  5270 | D:7      | Found a shattered altar of Ashenzari.
  5273 | D:7      | Found a sacrificial altar of Ru.
  5273 | D:7      | Found a white marble altar of Elyvilon.
  5273 | D:7      | Found a shimmering blue altar of Sif Muna.
  5275 | D:7      | Found a hide-covered altar of Uskayaw.
  5276 | D:7      | Found a sparkling altar of Nemelex Xobeh.
  5362 | D:7      | Reached skill level 8 in Axes
  5741 | D:7      | Reached skill level 9 in Axes
  5997 | D:8      | Reached skill level 10 in Axes
  6111 | D:8      | Gained mutation: You passively map the area around you.
                  | [Deep Dwarf growth]
  6111 | D:8      | Reached XP level 9. HP: 76/79 MP: 7/7
  6196 | D:8      | Reached * piety under Qazlal
  6217 | D:8      | Found a snail-covered altar of Cheibriados.
  6231 | D:8      | Found a basalt altar of Yredelemnul.
  6239 | D:8      | Found an ancient bone altar of Kikubaaqudgha.
  6381 | D:8      | Noticed a two-headed ogre
  6407 | D:8      | Reached skill level 11 in Axes
  6416 | D:8      | Killed a two-headed ogre
  6416 | D:8      | Reached skill level 12 in Axes
  6714 | D:8      | Reached skill level 1 in Invocations
  6719 | D:8      | Reached skill level 13 in Axes
  6951 | D:8      | Found a glowing silver altar of Zin.
  7177 | D:9      | Reached ** piety under Qazlal
  7177 | D:9      | Reached XP level 10. HP: 85/87 MP: 6/6
  7177 | D:9      | Noticed Harold
  7198 | D:9      | Killed Harold
  7252 | D:9      | Found Fyschoec's Gadget Boutique.
  7386 | D:9      | Reached skill level 14 in Axes
  8270 | D:10     | Entered Level 10 of the Dungeon
  8290 | D:10     | Reached *** piety under Qazlal
  8358 | D:10     | Reached skill level 15 in Axes
  8663 | D:10     | Reached skill level 1 in Polearms
  8810 | D:10     | Found a staircase to the Lair.
  8812 | D:10     | Got a polished quarterstaff
  9070 | Lair:1   | Entered Level 1 of the Lair of Beasts
  9091 | Lair:1   | Reached skill level 5 in Invocations
  9099 | Lair:1   | Noticed a spiny frog
  9110 | Lair:1   | Killed a spiny frog
  9110 | Lair:1   | Reached XP level 11. HP: 93/93 MP: 7/7
  9145 | Lair:1   | Noticed a six-headed hydra
  9182 | Lair:1   | Killed a six-headed hydra
  9185 | Lair:1   | Noticed a five-headed hydra
  9226 | Lair:1   | Killed a five-headed hydra
 10002 | Lair:1   | Noticed an oklob plant
 10149 | Lair:2   | Reached skill level 5 in Polearms
 10238 | Lair:2   | Got an encrusted rapier
 10612 | Lair:2   | Identified the +7 rapier of the Dead {vamp, rPois MR-
                  | Str+5} (You found it on level 2 of the Lair of Beasts)
 10771 | Lair:2   | Found a staircase to the Snake Pit.
 11264 | Snake:1  | Entered Level 1 of the Snake Pit
 11266 | Snake:1  | Noticed an anaconda
 11279 | Snake:1  | Noticed a naga warrior
 11294 | Snake:1  | Killed an anaconda
 11325 | Snake:1  | Killed a naga warrior
 11393 | Snake:1  | Noticed a naga sharpshooter
 11410 | Snake:1  | Killed a naga sharpshooter
 11487 | Snake:1  | Reached XP level 12. HP: 77/100 MP: 5/5
 11546 | Snake:1  | HP: 1/100 [shock serpent/bolt of electricity (22)]
 11620 | Snake:1  | Noticed an anaconda
 11636 | Snake:1  | Noticed a naga warrior
 11642 | Snake:1  | Killed an anaconda
 11660 | Snake:1  | Killed a naga warrior
 11660 | Snake:1  | Reached **** piety under Qazlal
 11660 | Snake:1  | Reached skill level 10 in Polearms
 11699 | Snake:1  | Noticed an anaconda
 11724 | Snake:1  | Killed an anaconda
 11825 | Snake:1  | Noticed an anaconda
 11835 | Snake:1  | Gained mutation: You are robust. (+10% HP) [potion of
                  | mutation]
 11835 | Snake:1  | Gained mutation: Scrolls take you a little longer to read.
                  | [potion of mutation]
 11835 | Snake:1  | Gained mutation: You are covered in fur. (AC +1) [potion of
                  | mutation]
 11835 | Snake:1  | Gained mutation: Your spells are a little harder to cast,
                  | but a little more powerful. [potion of mutation]
 11841 | Snake:1  | Killed an anaconda
 11892 | Snake:1  | Noticed a naga warrior
 11910 | Snake:1  | Killed a naga warrior
 12138 | Snake:1  | Identified the Disquisition on Ice
 12361 | Snake:2  | Noticed a nagaraja
 12376 | Snake:2  | Reached skill level 1 in Stealth
 12382 | Snake:2  | Killed a nagaraja
 12397 | Snake:2  | Reached skill level 10 in Invocations
 12398 | Snake:2  | Reached XP level 13. HP: 95/116 MP: 6/6
 12791 | Snake:2  | Noticed Vashnia
 12833 | Snake:2  | Shot with a bolt by a naga sharpshooter

Levels and vault maps discovered:
D:1:      psy_arrival_spokes, layout_basic
D:2:      layout_basic
D:3:      layout_loops_ring, first_ration
D:4:      layout_gridville
D:5:      layout_basic, zin_angel, minmay_temple_entry_drinking_statues
D:6:      layout_loops_cross, overflow_temple_1_default, serial_shops,
          nicolae_shop_waterfront, uniq_grinder
D:7:      layout_gridville, grunt_temple_overflow_open,
          kennysheep_generic_room_10
D:8:      minmay_flawed_box, layout_layer_cave, minitemple, basic_altar
D:9:      layout_irregular_city, serial_shops, shop_statue, uniq_harold
D:10:     layout_cave_pools, lair_entry_dummy
Temple:   minmay_temple_curvy_loop
Lair:1:   layout_cave_shapes, st_stairs_11, wad_woods_road_04,
          grunt_megastairs_2, serial_bayou_shore_a
Lair:2:   layout_cave_pods, minmay_snake_entry_guardpost_small,
          infiniplex_staircase_pool
Snake:1:  layout_misc_corridors, grunt_megastairs_4
Snake:2:  layout_rooms, serial_shops, bzr_in_the_mist, grunt_megastairs_3,
          uniq_vashnia

Skill      XL: |  1  2  3  4  5  6  7  8  9 10 11 12 13 |
---------------+----------------------------------------+-----
Axes           | 3 4 6 7 10 13 15 | 15.1
Fighting       | 3 4 |  4.3
Shields        | 4 5 |  5.7
Armour         | 4 5 |  5.7
Invocations    | 1 5 6 10 14 | 14.8
Polearms       | 2 9 11 | 11.8
Stealth        | 1 3 |  3.0
Dodging        | |  0.8
Evocations     | |  0.1

Action                   |  1- 3 |  4- 6 |  7- 9 | 10-12 | 13-15 || total
-------------------------+-------+-------+-------+-------+-------++-------
Melee: War axe           |   157 |   189 |   397 |   274 |       ||  1017
       Trident           |       |       |       |   608 |   167 ||   775
Invok: Elemental Force   |       |       |       |     1 |       ||     1
       Upheaval          |       |       |       |       |     4 ||     4
 Abil: Heal Wounds       |     2 |     2 |    19 |    48 |    10 ||    81
Evoke: Wand              |       |       |       |     2 |       ||     2
  Use: Scroll            |     3 |     6 |       |    17 |       ||    26
       Potion            |       |       |       |    10 |     3 ||    13
  Eat: Ration            |     1 |     2 |     3 |     5 |     1 ||    12
       Chunk             |       |       |       |     1 |       ||     1
Armor: Scale mail        |     8 |       |       |       |       ||     8
       Plate armour      |    88 |   139 |   250 |   447 |    51 ||   975
Dodge: Dodged            |    28 |    39 |    80 |    95 |    15 ||   257
       Deflected         |       |       |       |       |     7 ||     7
Block: Shield            |    76 |   112 |   256 |   598 |   184 ||  1226
       Reflection        |       |       |       |    16 |    36 ||    52
